 Dungeon Crawl Stone Soup version 0.30.0-5-g1a98f26d00 (webtiles) character file.

Game seed: 7523806243356664908

70258 Rrauwl the Severer (level 15, -1/147 HPs)
             Began as a Hill Orc Gladiator on May 8, 2023.
             Was the Champion of Nemelex Xobeh.
             Killed from afar by a storm dragon (25 damage)
             ... with a bolt of lightning
             ... on level 12 of the Dungeon.
             The game lasted 01:16:57 (17718 turns).

Rrauwl the Severer (Hill Orc Gladiator)            Turns: 17718, Time: 01:16:58

Health: -1/147     AC: 29    Str: 31    XL:     15   Next: 32%
Magic:  24/24      EV: 11    Int:  8    God:    Nemelex Xobeh [******]
Gold:   1540       SH: 18    Dex: 14    Spells: 14/14 levels left

rFire   . . .        a - +1 broad axe (freeze)
rCold   + + +        T - +2 tower shield {rC+}
rNeg    . . .        n - +3 chain mail {rC+}
rPois   .            I - +2 helmet
rElec   .            H - +2 cloak {rC+}
rCorr   .            w - +2 pair of gloves
SInv    .            m - +0 pair of boots
Will    ++...        f - amulet of regeneration Stlth
                     E - +6 ring of strength
HPRegen 1.24/turn    F - ring of willpower
MPRegen 0.19/turn

%: no passive effects
@: studying Transmutations
A: iridescent scales 1, thin skeletal structure 1, robust 1, sturdy frame 1
a: Renounce Religion, Draw Escape, Draw Destruction, Draw Summoning, Triple
Draw, Deal Four, Stack Five


You were on level 12 of the Dungeon.
You worshipped Nemelex Xobeh.
Nemelex Xobeh was exalted by your worship.
You visited 4 branches of the dungeon, and saw 20 of its levels.
You also visited: Ossuary, Ice Cave and Volcano.

You collected 3487 gold pieces.
You spent 1947 gold pieces at shops.

Inventory:

Hand Weapons
 a - a +1 broad axe of freezing (weapon)
 b - a +1 morningstar of freezing
Missiles
 d - 3 throwing nets (quivered)
 e - 10 javelins
 x - a boomerang of dispersal
 O - 3 curare-tipped darts
Armour
 m - a +0 pair of boots (worn)
 n - a +3 chain mail of cold resistance (worn)
 w - a +2 pair of gloves (worn)
 H - a +2 cloak of cold resistance (worn)
 I - a +2 helmet (worn)
 T - a +2 tower shield of cold resistance (worn)
Jewellery
 f - an amulet of regeneration (around neck)
 o - the ring of False Pretenses {rPois rCorr MP+9}
   (You found it on level 11 of the Dungeon)

   [ring of poison resistance]

   rPois:     It protects you from poison.
   MP:        It affects your magic capacity (+9).
   rCorr:     It protects you from acid and corrosion.
 y - a ring of protection from cold
 E - a +6 ring of strength (left hand)
 F - a ring of willpower (right hand)
 K - the ring of Jealousy {rCorr Str+3 Int+2 Stlth+}
   (You acquired it on level 8 of the Dungeon)

   [ring of resist corrosion]

   Str:       It affects your strength (+3).
   Int:       It affects your intelligence (+2).
   rCorr:     It protects you from acid and corrosion.
   Stlth:     It makes you more stealthy.
 U - a ring of fire
 Z - the ring "Uhagadaif" {Int+3 SInv}
   (You bought it in a shop on level 8 of the Dungeon)

   [ring of see invisible]

   Int:       It affects your intelligence (+3).
   SInv:      It lets you see invisible.
Wands
 r - a wand of roots (9)
 t - a wand of flame (33)
 u - a wand of polymorph (10)
 z - a wand of paralysis (4)
 N - a wand of digging (6)
 Q - a wand of mindburst (7)
 X - a wand of quicksilver (1)
Scrolls
 p - 7 scrolls of enchant armour
 v - 3 scrolls of fog
 B - 4 scrolls of teleportation
 G - 2 scrolls of poison
 L - 2 scrolls of fear
 M - 5 scrolls of identify
 S - a scroll of brand weapon
Potions
 c - 3 potions of might
 h - 2 potions of invisibility
 i - 6 potions of curing
 j - 4 potions of resistance
 k - a potion of lignification
 q - a potion of flight
 A - a potion of ambrosia
 C - 5 potions of attraction
 D - a potion of cancellation
 Y - a potion of haste
Miscellaneous
 g - a lightning rod (4/4)
 l - a piece from Xom's chessboard (15/15)
 P - a phial of floods


   Skills:
 + Level 12.6 Fighting
 - Level 18.0 Axes
 + Level 6.0 Throwing
 + Level 12.5 Armour
 + Level 5.8 Dodging
 + Level 10.7 Shields
 + Level 12.7 Invocations
 + Level 6.1 Evocations


You had 14 spell levels left.
You didn't know any spells.
Your spell library contained the following spells:

 Spells                   Type           Power      Damage    Failure   Level
 Ensorcelled Hibernation  Hex/Ice        0%         N/A       98%         2
 Passwall                 Tmut/Erth      0%         N/A       98%         2
 Spider Form              Tmut/Pois      0%         N/A       100%        3
 Swiftness                Air            0%         N/A       100%        3
 Tukima's Dance           Hex            0%         N/A       100%        3
 Anguish                  Hex/Necr       0%         N/A       100%        4
 Passage of Golubria      Tloc           0%         N/A       100%        4
 Yara's Violent Unravell  Hex/Tmut       0%         3d3       100%        5
 Simulacrum               Ice/Necr       0%         N/A       100%        6
 Ozocubu's Refrigeration  Ice            0%         4d7       100%        7
 Polar Vortex             Ice            0%         N/A       100%        9


Dungeon Overview and Level Annotations

Branches:
Dungeon (12/15)            Temple (1/1) D:7            Lair (5/5) D:10
 Shoals (0/4) Lair:2        Snake (0/4) Lair:2        Slime (0/5) Lair:4
    Orc (2/2) D:10            Elf (0/3) Orc:2       Ossuary (visited)
  IceCv (visited)         Volcano (visited)

Altars:
Ashenzari
Cheibriados
Dithmenos
Elyvilon
Fedhas
Gozag
Hepliaklqana
Kikubaaqudgha
Makhleb
Nemelex Xobeh
Okawaru
Qazlal
Ru
Sif Muna
Trog
Uskayaw
Vehumet
Wu Jian
Xom
Yredelemnul
Zin
The Shining One
Beogh
Lugonu

Shops:
D:6 *   D:8 ?(=([   Orc:1 =![*   Orc:2 ([[(

Portals:
Abyss: Lair:5

Annotations:
Lair:2 1 runed translucent door, Name63's ghost, novice GnCj


Innate Abilities, Weirdness & Mutations

You are partially covered in iridescent scales. (AC +2)
You have a somewhat thin skeletal structure. (Dex +2, Stealth+)
You are robust. (+10% HP)
Your movements are slightly less encumbered by armour. (ER -2)


Message History

You slice the phantasmal warrior!!
You destroy the phantasmal warrior!
You hit the ettin. You freeze the ettin.
The ettin is moderately wounded.
The ettin hits you with a +0 great mace!!
The ettin hits you with a +0 dire flail!!
* * * LOW HITPOINT WARNING * * *
Unknown command.
You draw a card...
You have drawn the Elixir.
You begin rapidly regenerating health and magic.
You block the ettin's attack. x2
You hit the ettin but do no damage.
The ettin is moderately wounded.
You slice the ettin!! You freeze the ettin!
The ettin is severely wounded.
The ettin barely misses you. x2
You hit the ettin but do no damage.
The ettin is severely wounded.
You block the ettin's attack.
The ettin hits you with a +0 dire flail!!
* * * LOW HITPOINT WARNING * * *
You draw a card...
You have drawn the Storm.
A fierce wind blows from the card.
The crystal guardian is knocked back by the gust of wind.
The crystal guardian slams into the rock wall!
The manticore is knocked back by the gust of wind.
The ettin is knocked back by the gust of wind.
The electrical discharge engulfs the storm dragon.
The storm dragon completely resists.
The electrical discharge engulfs the crystal guardian.
The crystal guardian completely resists.
The electrical discharge engulfs the ettin!
You kill the ettin!
You hear mighty peals of thunder!
You hear a shout! x3
The storm dragon breathes lightning at you.
The bolt of lightning hits the crystal guardian.
The crystal guardian completely resists.
The bolt of lightning hits you!!
You die...
Your body glows with a rainbow of weird colours and disappears.

#+# #........#.... +.#$#...
##.###......... . # #.#....
#.............. .. #.#.#...
##.............. ... #.#....
#............... #...#.#...#
##.........#..... ......... .D
#................
###....)####9##................
.....8)$...H)'@......####......
###..W..####+##......####......
......... #...............#
#...#.#... ##.........##...#
... #.#.... #....<.......... ..
#.#.#... ###..#.......... . #
#.#.... #............. +.#.#...
#............. .............


You could see a storm dragon (catching breath), a crystal guardian and a
manticore.

Vanquished Creatures
  An orc warlord (Orc:1)
  2 ettins
  2 hydras
  A boulder beetle (Lair:2)
  4 two-headed ogres
  4 thrashing horrors (Lair:5)
  5 orc high priests
  2 skeletal warriors (Volcano)
  Lodul (D:12)
  Pikel (D:5)
  2 bog bodies (IceCv)
  A phantasmal warrior (D:12)
  A lindwurm (Lair:3)
  4 orc knights (Orc:2)
  A harpy (shapeshifter) (Lair:5)
  2 anaconda skeletons (Volcano)
  6 orc sorcerers
  A manticore (Lair:2)
  An ugly thing (Lair:5)
  An ice statue (IceCv)
  3 elephants (Lair:2)
  7 black mambas
  2 smoke demons (Lair:5)
  4 gargoyles
  A torpor snail (Lair:5)
  8 cane toads
  A kobold demonologist (D:12)
  A freezing wraith (IceCv)
  2 rime drakes (Lair:4)
  An unseen horror (D:12)
  An ice devil (IceCv)
  2 ancient zymes (Lair:5)
  6 komodo dragons
  2 polar bears
  4 trolls
  A wind drake (Lair:2)
  Grinder (D:5)
  4 hornets
  12 dream sheep
  21 blink frogs
  9 small abominations (Lair:5)
  An alligator skeleton (Volcano)
  2 spriggans (Lair:5)
  2 shadows (D:12)
  3 flying skulls (Volcano)
  3 wyverns (Lair:3)
  3 wraiths (D:12)
  33 yaks
  A dire elephant simulacrum (IceCv)
  6 basilisks (Lair:5)
  3 ynoxinuls (Lair:5)
  A steam dragon (D:9)
  Menkaure (D:5)
  2 death yak simulacra (IceCv)
  3 wargs
  5 vampire mosquitoes (D:12)
  7 nagas (Lair:2)
  2 harpy simulacra (IceCv)
  A large abomination (Lair:5)
  An acid dragon (D:11)
  11 water moccasins
  A sky beast (D:6)
  31 orc warriors
  2 ice beasts
  4 black bears
  27 wolves
  13 ogres
  12 centaurs
  A lemure (D:5)
  A phantom (D:5)
  11 bullfrogs
  An elf zombie (D:6)
  A kobold brigand (D:10)
  2 elf skeletons (D:6)
  6 two-headed ogre simulacra (IceCv)
  3 scorpions
  4 wights (D:7)
  12 killer bees
  10 electric eels
  4 howler monkeys
  A spriggan skeleton (Volcano)
  2 troll skeletons (Volcano)
  2 lava snakes (Lair:4)
  3 human zombies (D:6)
  4 jellies
  2 gnoll boudas
  5 hounds
  A sleepcap (D:8)
  16 orc priests
  Jessica (D:2)
  3 human skeletons (D:6)
  Terence (D:2)
  27 orc wizards
  2 polar bear simulacra (IceCv)
  5 troll simulacra (IceCv)
  8 spriggan simulacra (IceCv)
  3 wolf simulacra (IceCv)
  A naga skeleton (Volcano)
  8 mummies (Ossuary)
  10 gnolls
  7 adders
  5 naga simulacra (IceCv)
  19 white imps
  3 ufetubi (IceCv)
  2 worms
  4 dart slugs
  88 orcs
  5 bats
  3 endoplasms
  3 giant cockroaches
  4 hobgoblins
  5 jackals
  3 quokkas
  7 ball pythons
  7 frilled lizards
  8 goblins
  4 hobgoblin zombies (Ossuary)
  12 kobolds
  2 kobold zombies (Ossuary)
  2 orc skeletons (D:6)
  2 orc zombies (Ossuary)
  8 rats
681 creatures vanquished.

Vanquished Creatures (collateral kills)
  A hydra (Lair:5)
  A fire crab (shapeshifter) (D:10)
  3 anaconda skeletons (Volcano)
  2 gargoyles (Volcano)
  A polar bear (Lair:5)
  An orc warrior (Orc:2)
  2 wolves (Lair:5)
  An electric eel (D:10)
  A naga skeleton (Volcano)
  2 orcs (Orc:2)
15 creatures vanquished.

Grand Total: 696 creatures vanquished

Notes
Turn   | Place    | Note
-------+----------+-------------------------------------------
     0 | D:1      | Rrauwl the Hill Orc Gladiator began the quest for the Orb.
     0 | D:1      | Reached XP level 1. HP: 18/18 MP: 1/1
   137 | D:1      | Reached XP level 2. HP: 24/25 MP: 2/2
   553 | D:1      | Reached skill level 1 in Armour
   687 | D:1      | Reached XP level 3. HP: 30/30 MP: 3/3
   878 | D:2      | Noticed Jessica
   918 | D:2      | Killed Jessica
   919 | D:2      | Reached XP level 4. HP: 28/38 MP: 4/4
  1283 | D:2      | Noticed Terence
  1309 | D:2      | Killed Terence
  1556 | D:2      | Reached XP level 5. HP: 45/45 MP: 5/5
  1569 | D:2      | Reached skill level 5 in Axes
  1738 | D:3      | Found a faded altar of an unknown god.
  2375 | D:3      | Reached XP level 6. HP: 51/51 MP: 6/6
  2463 | D:4      | Found a glowing golden altar of the Shining One.
  2463 | D:4      | Found an opulent altar of Gozag.
  2467 | D:4      | Found a white marble altar of Elyvilon.
  2494 | D:4      | Found a sparkling altar of Nemelex Xobeh.
  2494 | D:4      | Found a burning altar of Makhleb.
  2495 | D:4      | Found a broken altar of Ashenzari.
  2501 | D:4      | Became a worshipper of Nemelex Xobeh the Trickster
  2511 | D:4      | Found a basalt altar of Yredelemnul.
  2802 | D:5      | Entered Level 5 of the Dungeon
  2813 | D:5      | Noticed a black bear
  2822 | D:5      | Killed a black bear
  2823 | D:5      | Reached skill level 6 in Axes
  2823 | D:5      | Reached skill level 1 in Invocations
  2823 | D:5      | Reached skill level 1 in Evocations
  2883 | D:5      | Noticed Menkaure
  2894 | D:5      | Killed Menkaure
  2895 | D:5      | Reached XP level 7. HP: 41/57 MP: 6/8
  3128 | D:5      | Reached * piety under Nemelex Xobeh
  3128 | D:5      | Received a gift from Nemelex Xobeh
  3237 | D:5      | Reached skill level 7 in Axes
  3298 | D:5      | Found a hide-covered altar of Uskayaw.
  3469 | D:5      | Reached XP level 8. HP: 63/63 MP: 10/10
  3520 | D:5      | Noticed Grinder
  3528 | D:5      | Paralysed by Grinder for 4 turns
  3536 | D:5      | Paralysed by Grinder for 2 turns
  3540 | D:5      | Paralysed by Grinder for 4 turns
  3547 | D:5      | Killed Grinder
  3548 | D:5      | Reached skill level 5 in Armour
  3590 | D:5      | Noticed Pikel
  3615 | D:5      | Killed Pikel
  3616 | D:5      | Reached skill level 9 in Axes
  3860 | D:6      | Reached XP level 9. HP: 62/69 MP: 13/13
  3899 | D:6      | Reached skill level 10 in Axes
  3903 | D:6      | Found a sand-covered staircase.
  4021 | Ossuary  | Entered an ossuary
  4063 | Ossuary  | Reached skill level 11 in Axes
  4475 | D:6      | Found a bloodstained altar of Trog.
  4490 | D:6      | Found Heuroenihu's Mass Market.
  4589 | D:6      | Reached skill level 12 in Axes
  4614 | D:6      | Reached ** piety under Nemelex Xobeh
  4936 | D:7      | Reached skill level 13 in Axes
  5009 | D:7      | Noticed a hornet
  5014 | D:7      | Killed a hornet
  5082 | D:7      | Noticed a hornet
  5086 | D:7      | Killed a hornet
  5087 | D:7      | Reached skill level 14 in Axes
  5087 | D:7      | Reached XP level 10. HP: 77/77 MP: 14/14
  5157 | D:7      | Found a staircase to the Ecumenical Temple.
  5163 | Temple   | Entered the Ecumenical Temple
  5225 | D:7      | Received a gift from Nemelex Xobeh
  5592 | D:8      | Found a snail-covered altar of Cheibriados.
  5592 | D:8      | Found Reizoxat's Antique Armour Boutique.
  5599 | D:8      | Bought a buckler for 126 gold pieces
  5599 | D:8      | Bought a shiny helmet for 210 gold pieces
  5629 | D:8      | Found Fenyusokh's Antique Weapon Shop.
  5701 | D:8      | Identified a scroll of acquirement
  5701 | D:8      | Acquired the ring of Jealousy {rCorr Str+3 Int+2 Stlth+}
  5760 | D:8      | Found Saxkatro's Jewellery Shoppe.
  5775 | D:8      | Found an ancient bone altar of Kikubaaqudgha.
  5797 | D:8      | Found Aleasor's Antique Weapon Shoppe.
  5825 | D:8      | Found Lebe's Magic Scroll Shoppe.
  5831 | D:8      | Bought a scroll of fear for 48 gold pieces
  6315 | D:9      | Reached skill level 1 in Shields
  6504 | D:9      | Noticed a two-headed ogre
  6515 | D:9      | Killed a two-headed ogre
  6681 | D:9      | Reached *** piety under Nemelex Xobeh
  6923 | D:10     | Entered Level 10 of the Dungeon
  6930 | D:10     | Reached XP level 11. HP: 85/85 MP: 16/16
  7122 | D:10     | Reached skill level 5 in Fighting
  7393 | D:10     | Found a staircase to the Lair.
  7515 | D:10     | Found a staircase to the Orcish Mines.
  7645 | D:10     | Received a gift from Nemelex Xobeh
  7733 | D:10     | Noticed a fire crab
  7738 | D:10     | Killed a fire crab
  7928 | Orc:1    | Entered Level 1 of the Orcish Mines
  7928 | Orc:1    | Noticed an orc high priest
  7928 | Orc:1    | Found Yssarph's Antique Armour Boutique.
  7944 | Orc:1    | Noticed an ettin
  7983 | D:10     | HP: 1/88 [ettin/+0 dire flail (13)]
  7985 | D:10     | Killed an ettin
  7986 | D:10     | Reached skill level 15 in Axes
  8076 | D:10     | Killed an orc high priest
  8077 | D:10     | Reached skill level 5 in Evocations
  8105 | Orc:1    | Noticed an orc high priest
  8138 | Orc:1    | Noticed an orc sorcerer
  8165 | D:10     | Killed an orc high priest
  8199 | D:10     | Killed an orc sorcerer
  8200 | D:10     | Reached skill level 5 in Throwing
  8263 | Orc:1    | Found Xoyqoro's Distillery.
  8310 | Orc:1    | Noticed an orc sorcerer
  8310 | Orc:1    | Paralysed by an orc sorcerer for 4 turns
  8318 | Orc:1    | Killed an orc sorcerer
  8388 | Orc:1    | Bought a potion of curing for 45 gold pieces
  8388 | Orc:1    | Bought a potion of berserk rage for 75 gold pieces
  8521 | Orc:1    | Found Bofuogot's Jewellery Shop.
  8547 | Orc:1    | Found a runed translucent door.
  8616 | Orc:1    | Reached skill level 5 in Dodging
  8655 | Orc:1    | Found a roughly hewn altar of Beogh.
  8701 | Orc:2    | Entered Level 2 of the Orcish Mines
  8701 | Orc:2    | Found a staircase to the Elven Halls.
  8729 | Orc:2    | Reached XP level 12. HP: 84/97 MP: 18/18
  8831 | Orc:2    | Reached **** piety under Nemelex Xobeh
  8994 | Orc:2    | Reached skill level 5 in Shields
  9075 | Orc:2    | Noticed an orc high priest
  9087 | Orc:2    | Killed an orc high priest
  9120 | Orc:2    | Noticed an orc high priest
  9136 | Orc:2    | Killed an orc high priest
  9146 | Orc:2    | Noticed an orc high priest
  9156 | Orc:2    | Paralysed by an orc sorcerer for 2 turns
  9163 | Orc:2    | Killed an orc high priest
  9199 | Orc:2    | Found Furovis's Antique Weapon Emporium.
  9199 | Orc:2    | Found Zetaj's Armour Boutique.
  9201 | Orc:2    | Found Deejemah's Armour Emporium.
  9201 | Orc:2    | Found Ukeon's Antique Weapon Boutique.
  9273 | Orc:2    | Noticed an orc warlord
  9288 | Orc:2    | Reached skill level 16 in Axes
  9311 | Orc:1    | Found Voevujaf's Assorted Antiques.
  9350 | Orc:1    | Reached skill level 10 in Invocations
  9411 | Orc:1    | Bought a scroll of enchant armour for 247 gold pieces
  9542 | Orc:1    | Killed an orc warlord
  9750 | Orc:2    | Received a gift from Nemelex Xobeh
  9862 | Orc:2    | Bought a broad axe for 92 gold pieces
  9986 | Lair:1   | Entered Level 1 of the Lair of Beasts
 10349 | Lair:1   | Received a gift from Nemelex Xobeh
 10688 | Lair:2   | Reached XP level 13. HP: 96/108 MP: 20/20
 10743 | Lair:2   | Found a staircase to the Shoals.
 10878 | Lair:2   | Found a staircase to the Snake Pit.
 10888 | Lair:2   | Reached skill level 10 in Armour
 11015 | Lair:2   | Received a gift from Nemelex Xobeh
 11016 | Lair:2   | Reached ***** piety under Nemelex Xobeh
 11269 | Lair:2   | Reached skill level 17 in Axes
 11391 | Lair:2   | Found a runed translucent door.
 11392 | Lair:2   | Found a shimmering altar of Xom.
 11392 | Lair:2   | Noticed Name63's ghost (novice GnCj)
 11652 | Lair:3   | Received a gift from Nemelex Xobeh
 11704 | Lair:3   | Reached skill level 10 in Fighting
 11872 | Lair:3   | Received a gift from Nemelex Xobeh
 12264 | Lair:3   | Found a dark tunnel.
 12273 | Volcano  | Entered a volcano
 12402 | Volcano  | Reached skill level 18 in Axes
 12403 | Volcano  | Reached skill level 10 in Shields
 12538 | Volcano  | Reached XP level 14. HP: 106/122 MP: 21/21
 13089 | Lair:4   | Found a staircase to the Slime Pits.
 13193 | Lair:4   | Found a sparkling altar of Nemelex Xobeh.
 13910 | Lair:4   | You fall into a shaft and drop 1 floor!
 13910 | Lair:5   | Entered Level 5 of the Lair of Beasts
 13970 | Lair:5   | Received a gift from Nemelex Xobeh
 14327 | Lair:5   | Found a burning altar of Makhleb.
 14369 | Lair:5   | Received a gift from Nemelex Xobeh
 14651 | Lair:5   | Reached ****** piety under Nemelex Xobeh
 15029 | Lair:5   | Found a corrupted altar of Lugonu.
 15031 | Lair:5   | Found a one-way gate to the infinite horrors of the Abyss.
 15051 | Lair:5   | Identified the +7 shortbow of Big Damage {heavy, Int+3}
 15348 | D:11     | Identified the ring of False Pretenses {rPois rCorr MP+9}
 15373 | D:11     | Received a gift from Nemelex Xobeh
 15599 | D:11     | Reached XP level 15. HP: 118/133 MP: 24/24
 15635 | D:11     | Found a frozen archway.
 15665 | IceCv    | Entered an ice cave
 15931 | IceCv    | Received a gift from Nemelex Xobeh
 16210 | IceCv    | Identified the scarf "Onaoc" {harm, Will++ rCorr Dex+3
                  | Slay-4}
 17029 | D:12     | Received a gift from Nemelex Xobeh
 17154 | D:8      | Bought the ring "Uhagadaif" {Int+3 SInv} for 396 gold
                  | pieces
 17232 | D:8      | Bought a scroll of acquirement for 624 gold pieces
 17232 | D:8      | Bought a scroll of fog for 48 gold pieces
 17232 | D:8      | Bought a scroll of teleportation for 36 gold pieces
 17242 | D:8      | Acquired 923 gold pieces
 17311 | Lair:1   | Gained mutation: You are partially covered in iridescent
                  | scales. (AC +2) [potion of mutation]
 17311 | Lair:1   | Gained mutation: You have a pair of small antennae on your
                  | head. [potion of mutation]
 17311 | Lair:1   | Gained mutation: You have large cloven feet. [potion of
                  | mutation]
 17312 | Lair:1   | Lost mutation: You are partially covered in iridescent
                  | scales. (AC +2) [potion of mutation]
 17312 | Lair:1   | Lost mutation: You have a pair of small antennae on your
                  | head. [potion of mutation]
 17312 | Lair:1   | Lost mutation: You have large cloven feet. [potion of
                  | mutation]
 17312 | Lair:1   | Gained mutation: You have an increased reservoir of magic.
                  | (+10% MP) [potion of mutation]
 17312 | Lair:1   | Gained mutation: You have large cloven feet. [potion of
                  | mutation]
 17312 | Lair:1   | Gained mutation: Your body sometimes deteriorates upon
                  | taking damage. [potion of mutation]
 17313 | Lair:1   | Lost mutation: You have an increased reservoir of magic.
                  | (+10% MP) [potion of mutation]
 17313 | Lair:1   | Lost mutation: Your body sometimes deteriorates upon taking
                  | damage. [potion of mutation]
 17313 | Lair:1   | Lost mutation: You have large cloven feet. [potion of
                  | mutation]
 17313 | Lair:1   | Gained mutation: Your magical capacity is low. (-10% MP)
                  | [potion of mutation]
 17313 | Lair:1   | Gained mutation: You are dopey. (Int -2) [potion of
                  | mutation]
 17313 | Lair:1   | Gained mutation: You have sharp toenails. [potion of
                  | mutation]
 17314 | Lair:1   | Lost mutation: Your magical capacity is low. (-10% MP)
                  | [potion of mutation]
 17314 | Lair:1   | Lost mutation: You are dopey. (Int -2) [potion of mutation]
 17314 | Lair:1   | Lost mutation: You have sharp toenails. [potion of
                  | mutation]
 17314 | Lair:1   | Gained mutation: You are clumsy. (Dex -2) [potion of
                  | mutation]
 17314 | Lair:1   | Gained mutation: Your movements are slightly less
                  | encumbered by armour. (ER -2) [potion of mutation]
 17314 | Lair:1   | Gained mutation: You occasionally lose the ability to read
                  | scrolls when taking damage. [potion of mutation]
 17314 | Lair:1   | Gained mutation: You have a somewhat thin skeletal
                  | structure. (Dex +2, Stealth+) [potion of mutation]
 17315 | Lair:1   | Lost mutation: You are clumsy. (Dex -2) [potion of
                  | mutation]
 17315 | Lair:1   | Lost mutation: You occasionally lose the ability to read
                  | scrolls when taking damage. [potion of mutation]
 17315 | Lair:1   | Gained mutation: You are partially covered in iridescent
                  | scales. (AC +2) [potion of mutation]
 17315 | Lair:1   | Gained mutation: You are robust. (+10% HP) [potion of
                  | mutation]
 17547 | D:12     | Noticed Lodul
 17562 | D:12     | Killed Lodul
 17617 | D:12     | Received a gift from Nemelex Xobeh
 17711 | D:12     | Noticed a storm dragon
 17718 | D:12     | Killed from afar by a storm dragon

Illustrated notes

Levels and vault maps discovered:
D:1:      wheals_arrival_shading, layout_basic
D:2:      layout_loops_ring, minmay_nonomino_d4, uniq_terence, uniq_jessica
D:3:      layout_loops_ring, shapermc_ecumenical_altar_acropolis,
          chequers_serial_rivers_small_b, nrook_mini_backslash,
          minmay_door_square
D:4:      layout_basic, grunt_temple_overflow_open,
          nicolae_overflow_quartered_altars
D:5:      layout_gridville, mainiacjoe_overflow_boulevard, uniq_grinder,
          uniq_menkaure, uniq_pikel
D:6:      layout_basic, general_overflow_altar, nicolae_ossuary_entry_catacombs,
          minmay_shop_mass
D:7:      layout_basic, minmay_temple_entry_glassed_door
D:8:      layout_basic, mainiacjoe_overflow_24_doors, cheibriados_altar_1,
          serial_shops, nicolae_inconvenience_store, nicolae_shop_statue_plus,
          shop, shop, nicolae_shop_rolling_square
D:9:      layout_roguey, minmay_stone_trees_medium, lemuel_flamethrower_1
D:10:     layout_basic, erik_lair_island, david_orc_4
D:11:     wad_pebble_path, layout_long_grid, portal_ice_cave_entry_imps
D:12:     nicolae_fronds_of_death, layout_basic, lemuel_another_geyser,
          uniq_lodul
Temple:   minmay_freezing_vapour_temple
Lair:1:   layout_roguey
Lair:2:   layout_regular_city, minmay_shoals_entry_beasts,
          minmay_snake_entry_guardpost_large, ebering_ghost_xom
Lair:3:   layout_chaotic_city, nicolae_volcano_entry_vermiform
Lair:4:   layout_gridlike, slime_entry_1, basic_altar,
          nicolae_lair_liquid_snakes, grunt_megastairs_2, lemuel_fruit_tree
Lair:5:   hellmonk_lair_end_abyssal_woods, layout_big_grid, basic_altar
Orc:1:    layout_caves, serial_shops, nicolae_shop_back_alley_shop,
          shop_fountains, nicolae_shop_tiny_waterfront, shop_fountains,
          lightli_church_of_beogh
Orc:2:    grunt_orc_tribal_feast, layout_diamond_mine

Skill      XL: |  1  2  3  4  5  6  7  8  9 10 11 12 13 14 15 |
---------------+----------------------------------------------+-----
Throwing       | 2 3 4 5 6 |  6.0
Armour         | 1 2 3 4 6 8 9 10 12 | 12.5
Fighting       | 3 4 6 8 10 12 | 12.6
Dodging        | 3 4 5 |  5.8
Axes           | 5 6 7 9 14 15 16 18 | 18.0
Invocations    | 2 3 6 7 8 10 12 | 12.7
Evocations     | 1 2 3 4 5 6 |  6.1
Shields        | 2 4 7 10 | 10.7

Action                     |  1- 3 |  4- 6 |  7- 9 | 10-12 | 13-15 || total
---------------------------+-------+-------+-------+-------+-------++-------
  Melee: War axe           |    88 |   165 |   322 |   848 |       ||  1423
         Punch             |       |     2 |     2 |       |       ||     4
         Broad axe         |       |       |       |    41 |   940 ||   981
         Whip              |       |       |       |       |    21 ||    21
  Throw: Javelin           |       |       |     6 |       |       ||     6
         Throwing net      |       |       |     1 |       |       ||     1
 Invoke: Draw Destruction  |       |       |     3 |     7 |     2 ||    12
         Draw Summoning    |       |       |     1 |     2 |     2 ||     5
         Draw Escape       |       |       |       |     4 |     1 ||     5
  Evoke: Wand              |       |     3 |     3 |     9 |    14 ||    29
         Phial of floods   |       |       |       |     1 |     1 ||     2
         Lightning rod     |       |       |       |       |     2 ||     2
    Use: Potion            |     3 |     4 |       |     6 |     7 ||    20
         Scroll            |       |     5 |     9 |     7 |     5 ||    26
   Stab: Invisible         |       |     2 |       |     3 |       ||     5
 Armour: Leather armour    |    14 |       |       |       |       ||    14
         Ring mail         |    25 |    19 |       |       |       ||    44
         Chain mail        |       |    60 |   168 |   433 |   439 ||  1100
         Skin              |       |     7 |       |       |       ||     7
  Dodge: Dodged            |    76 |    83 |   119 |   361 |   310 ||   949
  Block: Buckler           |       |       |       |   135 |   178 ||   313
         Tower shield      |       |       |       |       |   132 ||   132
